 Dungeon Crawl Stone Soup version 0.11.0-9-gb634444 (webtiles) character file.

170 Mediokrates the Chiller (level 4, -5/30 HPs)
             Began as a Mummy Ice Elementalist on Feb 13, 2013.
             Killed from afar by an orc wizard (7 damage)
             ... with a puff of flame
             ... on Level 3 of the Dungeon.
             The game lasted 00:37:29 (3429 turns).

Mediokrates the Chiller (Mummy Ice Elementalist)    Turns: 3429, Time: 00:37:29

HP  -5/30        AC  6     Str 11      XL: 4   Next: 20%
MP   8/8         EV  9     Int 15      God:
Gold 89          SH  0     Dex 12      Spells:  1 memorised,  6 levels left

Res.Fire  : x . .   See Invis. : .   e - +2,+3 dagger
Res.Cold  : + + .   Warding    : .   m - +1 ring mail {rC+}
Life Prot.: + + +   Conserve   : .   (no shield)
Res.Poison: +       Res.Corr.  : .   (no helmet)
Res.Elec. : .       Clarity    : .   (no cloak)
Sust.Abil.: . .     Spirit.Shd : .   (no gloves)
Res.Mut.  : .       Stasis     : .   (no boots)
Res.Rott. : +       Ctrl.Telep.: .   (no amulet)
Saprovore : . . .   Levitation : .   (no ring) Ctrl.Flight: .
                                     g - ring of poison resistance {unknown}

@: slightly resistant to hostile enchantments, unstealthy
A: no food or potions, fire vulnerability, restore body, cold resistance 1, life
protection 3, poison resistance, torment resistance, unbreathing
a: no special abilities


You were on level 3 of the Dungeon.
You were not hungry.

You visited 1 branch of the dungeon, and saw 3 of its levels.

You collected 69 gold pieces.

Inventory:

Hand weapons
 d - a +0,+1 orcish dagger (quivered)
 e - a +2,+3 dagger (weapon)
 l - a -1,+1 orcish club
Armour
 a - a +0 robe
 m - a +1 ring mail of cold resistance (worn)
Scrolls
 f - 2 scrolls of fear {unknown}
 h - 2 scrolls of curse weapon {unknown}
 i - 2 scrolls of identify {unknown}
 j - a scroll of curse armour {unknown}
 k - 4 scrolls of remove curse
 n - a scroll of enchant weapon II {unknown}
Jewellery
 c - an uncursed ring of wizardry {unknown}
 g - a ring of poison resistance (left hand) {unknown}
Books
 b - a book of Frost

   Spells                             Type                      Level
   *Freeze                            Ice                          1
   Throw Frost                        Conjuration/Ice              2
   Ozocubu's Armour                   Charms/Ice                   3
   Throw Icicle                       Conjuration/Ice              4
   Summon Ice Beast                   Ice/Summoning                4
   Condensation Shield                Ice/Transmutation            4


   Skills:
 + Level 1,0 Fighting
 - Level 0,1 Throwing
 + Level 0,1 Armour
 + Level 1,9 Dodging
 + Level 2,1 Stealth
 - Level 0,1 Unarmed Combat
 + Level 2,1 Spellcasting
   Level 0,7 Conjurations
 + Level 2,9 Ice Magic


You had 6 spell levels left.
You knew the following spells:

 Your Spells              Type           Power        Failure   Level  Hunger
a - Freeze                Ice            ###..        17%         1    N/A

Dungeon Overview and Level Annotations

Branches:
Dungeon (3/27)

Altars:
Sif Muna
Yredelemnul


Innate Abilities, Weirdness & Mutations

You do not eat or drink.
Your flesh is vulnerable to fire.
Your flesh is cold resistant.
You are immune to negative energy.
Your system is resistant to poisons.
You are immune to unholy pain and torment.
You can survive without breathing.


Message History

The orc wizard points at you and mumbles some strange words.
The magic dart hits you!
The orc wizard gestures at you while chanting.
The magic dart hits you!
There is an open door here.
The orc wizard gestures wildly while chanting.
The orc wizard flickers and vanishes!
Deactivating autopickup; reactivate with Ctrl-A.
The puff of flame hits you! The fire burns you terribly!
There is an open door here.
The orc wizard points at you and mumbles some strange words.
The puff of frost hits you! You resist. Why would you want to do that?
Why would you want to do that? The magic dart hits you!
There is an open door here.
The puff of flame hits you! The fire burns you terribly!
* * * LOW HITPOINT WARNING * * *
The puff of flame hits you! The fire burns you terribly!
You die...

..#.>.....#.#.........#
..#.#....##.#########<#
..#.#....##.#.##.:o##.#
#.#.#....##.#.##≈§≈##.#
#.#.#....##.#.##...##.#
..#.#....##.#.##...##.#
###.#........####'###.#
#.........#.8.8.#..
#...%.....#.@_..#.#
#.........##...##.# #
######.....###.###.# #
#........#.##....# #
#.#####..!......## #
#.# #..........# # #.#
#..........# ####.#
#..........#
.....#####..........#


You could see an orc wizard.

Vanquished Creatures
  An adder (D:3)
  A human (D:2)
  A worm (D:3)
  A giant mite (D:2)
  An ooze (D:1)
  2 orcs (D:3)
  2 giant cockroaches (D:2)
  8 goblins
  A hobgoblin (D:3)
  7 kobolds
  A ball python (D:3)
  12 bats
  A giant gecko (D:2)
  3 giant newts
  6 rats
  2 toadstools (D:2)
50 creatures vanquished.

Notes
Turn   | Place    | Note
--------------------------------------------------------------
     0 | D:1      | Mediokrates, the Mummy Ice Elementalist, began the quest for the Orb.
     0 | D:1      | Reached XP level 1. HP: 13/13 MP: 3/3
   552 | D:1      | Reached XP level 2. HP: 17/19 MP: 2/4
  2151 | D:2      | Found a basalt altar of Yredelemnul.
  2181 | D:2      | Reached XP level 3. HP: 21/24 MP: 6/6
  3151 | D:3      | Reached XP level 4. HP: 16/30 MP: 6/8
  3302 | D:3      | Found a deep blue altar of Sif Muna.
  3303 | D:3      | Reached skill level 1 in Fighting
  3428 | D:3      | HP: 1/30 [it/puff of flame (12)]
  3429 | D:3      | Killed from afar by an orc wizard
